 Dungeon Crawl Stone Soup version 0.31.0-11-ge490571c62 (webtiles) character file.

Game seed: 15963796207590569935

97 PerfectTommy the Sneak (level 4, -1/34 HPs)
             Began as a Human Brigand on Jan 31, 2024.
             Was an Initiate of Qazlal.
             Slain by an orc wizard
             ... wielding a +0 dagger
              (3 damage)
             ... on level 4 of the Dungeon.
             The game lasted 00:06:04 (1864 turns).

PerfectTommy the Sneak (Human Brigand)              Turns: 1864, Time: 00:06:04

Health: -1/34      AC:  5    Str: 11    XL:     4   Next: 68%
Magic:  13/13      EV: 12    Int: 12    God:    Qazlal [......]
Gold:   126        SH:  0    Dex: 16    Spells: 3/3 levels left

rFire   . . .        a - +2 dagger
rCold   . . .        (no shield)
rNeg    . . .        b - +0 robe
rPois   .            (no helmet)
rElec   .            c - +0 cloak
rCorr   .            n - +0 pair of gloves
SInv    .            o - +0 pair of boots
Will    .....        (no amulet)
Stlth   +++          j - ring of magical power
HPRegen 0.25/turn    (no ring)
MPRegen 0.13/turn

%: no passive effects
@: no status effects
A: explore regen
a: Renounce Religion


You were on level 4 of the Dungeon.
You worshipped Qazlal.
Qazlal was noncommittal.
You visited 1 branch of the dungeon, and saw 4 of its levels.

You collected 126 gold pieces.

Inventory:

Hand Weapons
 a - a +2 dagger (weapon)
Missiles
 d - 9 poisoned darts (quivered)
 e - 3 curare-tipped darts
 f - 23 stones
Armour
 b - a +0 robe (worn)
 c - a +0 cloak (worn)
 n - a +0 pair of gloves (worn)
 o - a +0 pair of boots (worn)
 q - a +0 ring mail
 t - a +0 robe
 u - a +0 chain mail
Jewellery
 j - a ring of magical power (left hand)
Talismans
 x - a granite talisman
Wands
 s - a wand of flame (13)
Scrolls
 g - a scroll of blinking {unknown}
 h - 3 scrolls of identify {unknown}
 i - a scroll of fog {unknown}
 k - a scroll of fear {unknown}
 m - a scroll of vulnerability {unknown}
 r - a scroll of poison {unknown}
 v - a scroll of enchant weapon {unknown}
 y - 3 scrolls of teleportation {unknown}
Potions
 l - a potion of lignification {unknown}
 p - a potion of degeneration {unknown}
 w - 2 potions of heal wounds {unknown}
 z - a potion of brilliance {unknown}
 A - a potion of resistance {unknown}


   Skills:
 + Level 2.6 Fighting
 + Level 3.3 Short Blades
 + Level 2.0 Throwing
 + Level 1.4 Dodging
 - Level 4.8 Stealth


You had 3 spell levels left.
You didn't know any spells.
Your spell library contained the following spells:

 Spells                   Type           Power      Damage    Failure   Level
 Necrotise                Necr           0%         1d4       32%         1
 Vampiric Draining        Necr           0%         2d6       69%         3
 Martyr's Knell           Necr/Summ      0%         N/A       97%         4
 Curse of Agony           Necr           0%         N/A       100%        5


Dungeon Overview and Level Annotations

Branches:
Dungeon (4/15)
 Temple: D:4-7

Altars:
Ashenzari
Qazlal
Yredelemnul

Shops:
D:2 ?(?


Innate Abilities, Weirdness & Mutations

You regain HP and MP as you explore.


Message History

You hit something but do no damage. The orc closely misses you.
You hear some strange, mumbled words.
Something tries to affect you, but you resist.
You hear a shout!
You hit something. The orc closely misses you.
Something hits you but does no damage.
You barely miss something. The orc closely misses you.
An orc comes into view. It is wielding a +0 hand axe.
Something hits you but does no damage.
You barely miss the orc. The orc closely misses you.
You barely miss the orc. Something hits you but does no damage.
You hit the orc.
The orc is almost dead.
The orc hits you with a +0 hand axe. Something hits you but does no damage.
You closely miss the orc.
The orc is almost dead.
The orc misses you. Something hits you.
You barely miss the orc.
The orc is almost dead.
The orc closely misses you. Something hits you.
You hit the orc but do no damage.
The orc is severely wounded.
The orc hits you with a +0 hand axe.
* * * LOW HITPOINT WARNING * * *
You barely miss the orc.
The orc is severely wounded.
Something hits you but does no damage.
You hit the orc.
You kill the orc!
Qazlal accepts your kill.
You barely miss something. Something completely misses you.
You miss something. The orc hits you but does no damage. Something hits you.
* * * LOW HITPOINT WARNING * * *
You miss something. The orc hits you with a +0 hand axe.
* * * LOW HITPOINT WARNING * * *
You miss something.
You hear some strange, mumbled words.
Something tries to affect you, but you resist.
You completely miss something. The orc barely misses you. Something hits you.
You die...

#. ##..# #.
####...##
#.###.......#
#......###...#
##..####
#...... ##.##
#....... #..#
#....... #..#
........ #{@#
....... #o##
#..# #.!.#
#.....#
###....#
.#....# .
.....# .
......#


You could see an orc.

Vanquished Creatures
  4 adders
  2 dart slugs
  An orc (D:4)
  5 ball pythons
  8 bats
  3 endoplasms
  2 giant cockroaches (D:3)
  3 goblins
  7 hobgoblins
  4 jackals (D:1)
  2 kobolds
  3 quokkas
  3 frilled lizards
  3 rats
50 creatures vanquished.

Notes
Turn   | Place    | Note
-------+----------+-------------------------------------------
     0 | D:1      | PerfectTommy the Human Brigand began the quest for the Orb.
     0 | D:1      | Reached XP level 1. HP: 16/16 MP: 1/1
   111 | D:1      | Reached XP level 2. HP: 22/22 MP: 2/2
   345 | D:1      | Reached XP level 3. HP: 27/27 MP: 3/3
   730 | D:2      | Found Tyesawad's Weapon Boutique.
   866 | D:2      | Found a stormy altar of Qazlal.
   917 | D:2      | Became a worshipper of Qazlal Stormbringer
   952 | D:2      | Found Gen Irph's Magic Scroll Boutique.
   972 | D:2      | Found Qadoff's Magic Scroll Emporium.
  1009 | D:2      | Reached XP level 4. HP: 34/34 MP: 4/4
  1260 | D:3      | Found a basalt altar of Yredelemnul.
  1682 | D:3      | Found a broken altar of Ashenzari.
  1864 | D:4      | Slain by an orc wizard

Illustrated notes

Levels and vault maps discovered:
D:1:      dpeg_arrival_rhombus, layout_loops_cross,
          chequers_hall_statues_wall_a, minmay_shallow_snake_nest
D:2:      layout_basic, serial_shops, shop, shop, shop, basic_altar
D:3:      layout_rooms, general_overflow_altar, mainiacjoe_overflow_boulevard
D:4:      layout_cave_pods, lemuel_crystal_altar, serial_shops, shop,
          minmay_misc_feat_pillars, minmay_goblin_kobold_house,
          uniq_crazy_yiuf_cottage, uniq_duvessa, uniq_blork_the_orc, uniq_edmund

Skill      XL: |  1  2  3  4 |
---------------+-------------+-----
Short Blades   | 3 |  3.3
Fighting       | |  2.6
Throwing       | |  2.0
Dodging        | |  1.4
Stealth        | |  4.8

Action                     |  1- 3 |  4- 6 || total
---------------------------+-------+-------++-------
  Melee: Dagger            |    85 |    81 ||   166
         Punch             |     1 |     1 ||     2
   Stab: Sleeping          |    12 |     4 ||    16
 Armour: Robe              |    46 |    73 ||   119
  Dodge: Dodged            |    35 |    58 ||    93
